 Dungeon Crawl Stone Soup version 0.28.0-53-g5a82cb258f (webtiles) character file.

Game seed: 13706463990945427712

814 Peloso the Covered (level 7, -1/61 HPs)
             Began as a Minotaur Fighter on July 25, 2022.
             Slain by a gnoll
             ... wielding a +2 whip of electrocution
              (18 damage)
             ... on level 5 of the Dungeon.
             The game lasted 00:07:08 (4228 turns).

Peloso the Covered (Minotaur Fighter)               Turns: 4228, Time: 00:07:09

Health: -1/61      AC:  7    Str: 20    XL:     7   Next: 62%
Magic:  6/6        EV: 10    Int:  5    God:
Gold:   148        SH:  5    Dex: 12    Spells: 6/6 levels left

rFire   . . .      SeeInvis .   a - +0 long sword
rCold   + . .      Faith    .   c - +0 buckler
rNeg    . . .      Spirit   .   b - +0 scale mail {rC+}
rPois   .          Reflect  .   (helmet restricted)
rElec   .          Harm     .   (no cloak)
rCorr   .          Rampage  .   (no gloves)
Will    .....                   (no boots)
Stlth   ..........              (no amulet)
HPRegen 0.20/turn               (no ring)
MPRegen 0.10/turn               (no ring)

@: no status effects
A: horns 2, retaliatory headbutt
a: no special abilities


You were on level 5 of the Dungeon.
You visited 1 branch of the dungeon, and saw 5 of its levels.

You collected 148 gold pieces.

Inventory:

Hand Weapons
 a - a +0 long sword (weapon)
Armour
 b - a +0 scale mail of cold resistance (worn)
 c - a +0 buckler (worn)
Jewellery
 e - a ring of fire
 g - a ring of positive energy
 j - an amulet of faith
Wands
 f - a wand of acid (23)
Potions
 d - 2 potions of might
 h - 3 potions of curing
 i - a potion of heal wounds
 k - a potion of mutation
 l - a potion of magic {unknown}
 m - 2 potions of resistance {unknown}
 n - a potion of ambrosia
 o - a potion of brilliance {unknown}


   Skills:
 + Level 5.1 Fighting
 + Level 6.4 Long Blades
 + Level 6.8 Armour
 + Level 2.4 Dodging
 + Level 0.1 Stealth
 + Level 5.1 Shields


You had 6 spell levels left.
You didn't know any spells.
Your spell library contained the following spells:

 Spells                   Type           Power      Damage    Failure   Level
 Foxfire                  Conj/Fire      0%         2x1d4     87%         1
 Conjure Flame            Conj/Fire      0%         6-21      99%         3
 Inner Flame              Hex/Fire       0%         N/A       99%         3
 Flame Wave               Conj/Fire      0%         2d4       100%        4


Dungeon Overview and Level Annotations

Branches:
Dungeon (5/15)             Temple (0/1) D:5

Altars:


Innate Abilities, Weirdness & Mutations

You have a pair of horns on your head.
You reflexively headbutt those who attack you in melee.


Message History

You closely miss the gnoll shaman.
The gnoll shaman is heavily wounded.
The gnoll shaman hits you with a +0 whip!
You hit the gnoll shaman.
The gnoll shaman is severely wounded.
The gnoll shaman closely misses you.
You slash the gnoll shaman!
You kill the gnoll shaman!
The gnoll hits you with a +0 club.
Your Shields skill increases to level 5!
You closely miss the gnoll. Your headbutt misses the gnoll.
The gnoll barely misses you. The gnoll hits you with a +0 club.
You completely miss the gnoll. You headbutt the gnoll.
The gnoll is moderately wounded.
You block the gnoll's attack. The gnoll hits you with a +0 club.
The gnoll hits you but does no damage.
You hit the gnoll.
The gnoll is severely wounded.
The gnoll hits you with a +0 club. The gnoll hits you but does no damage.
You hit the gnoll but do no damage.
The gnoll is severely wounded.
The gnoll barely misses you.
The gnoll hits you from afar with a +0 spear.
You hit the gnoll.
The gnoll is severely wounded.
The gnoll barely misses you. The gnoll hits you but does no damage.
You hit the gnoll.
You kill the gnoll!
The gnoll hits you but does no damage.
Your life force feels restored.
The gnoll closely misses you. You furiously retaliate!
You headbutt the gnoll!
Things that are here:
a +0 club; a +0 whip; a +0 leather armour You slash the gnoll!
You kill the gnoll!
You closely miss the gnoll.
The gnoll hits you with a +2 whip of electrocution.
* * * LOW HITPOINT WARNING * * *
You are electrocuted!!
You die...

#.)########
#.).......$
#..########
#.## #####+#
#.# [......
#.# .......
#.# .......
#.# .......
#@# ##.......
#g###........
#............
#....P.......
###..♣P...###
##(...###
##..## ###


You could see a gnoll.

Vanquished Creatures
  Sigmund (D:4)
  An ice beast (D:5)
  A necrophage (D:4)
  A scorpion (D:5)
  2 hounds
  A gnoll shaman (D:5)
  A jelly (D:5)
  Natasha (thrice) (D:4)
  Terence (D:3)
  2 orc wizards (D:5)
  A hound skeleton (D:5)
  2 gnolls (D:5)
  5 adders
  An ufetubus (D:4)
  2 worms
  3 dart slugs
  2 orcs
  5 bats
  5 endoplasms
  2 giant cockroaches (D:1)
  17 hobgoblins
  3 jackals (D:1)
  9 kobolds
  5 quokkas
  3 ball pythons
  A frilled lizard (D:1)
  3 goblins
  5 rats (D:1)
88 creatures vanquished.

Notes
Turn   | Place    | Note
-------+----------+-------------------------------------------
     0 | D:1      | Peloso the Minotaur Fighter began the quest for the Orb.
     0 | D:1      | Reached XP level 1. HP: 19/19 MP: 0/0
   243 | D:1      | Reached XP level 2. HP: 27/27 MP: 1/1
   520 | D:1      | Found a faded altar of an unknown god.
   681 | D:1      | Reached XP level 3. HP: 33/33 MP: 2/2
  1597 | D:2      | Reached skill level 1 in Dodging
  1993 | D:2      | Reached XP level 4. HP: 38/40 MP: 3/3
  2640 | D:3      | Noticed Terence
  2646 | D:3      | Killed Terence
  2647 | D:3      | Reached XP level 5. HP: 38/46 MP: 4/4
  2845 | D:4      | Noticed a necrophage
  2857 | D:4      | Killed a necrophage
  2858 | D:4      | Reached skill level 5 in Long Blades
  2858 | D:4      | Reached skill level 5 in Armour
  3030 | D:4      | Noticed Natasha
  3046 | D:4      | Killed Natasha
  3047 | D:4      | Reached XP level 6. HP: 50/53 MP: 5/5
  3235 | D:4      | Noticed Natasha
  3243 | D:4      | Killed Natasha
  3342 | D:4      | Noticed Natasha
  3352 | D:4      | Killed Natasha
  3408 | D:4      | Noticed Sigmund
  3434 | D:4      | Killed Sigmund
  3889 | D:5      | Entered Level 5 of the Dungeon
  3900 | D:5      | Reached XP level 7. HP: 59/60 MP: 6/6
  3997 | D:5      | Reached skill level 5 in Fighting
  3997 | D:5      | Found a staircase to the Ecumenical Temple.
  4220 | D:5      | Reached skill level 5 in Shields
  4228 | D:5      | Slain by a gnoll

Illustrated notes

Levels and vault maps discovered:
D:1:      lemuel_arrival_room, layout_basic, hellmonk_ecumenical_altar_zigzags
D:2:      layout_basic, dk_vineyard_1, minmay_stone_trees_medium
D:3:      layout_basic, uniq_terence
D:4:      layout_cave_pools, uniq_natasha, uniq_sigmund
D:5:      layout_basic, minmay_temple_entry_grid, enter_ossuary_2,
          serial_park_tiny_1, serial_park_tiny_2

Skill      XL: |  1  2  3  4  5  6  7 |
---------------+----------------------+-----
Shields        | 4 5 |  5.1
Armour         | 4 5 6 |  6.8
Long Blades    | 3 4 5 6 |  6.4
Dodging        | 1 2 |  2.4
Fighting       | 4 5 |  5.1
Stealth        | |  0.1

Action                   |  1- 3 |  4- 6 |  7- 9 || total
-------------------------+-------+-------+-------++-------
Melee: Long sword        |   107 |   102 |    40 ||   249
       Headbutt          |    12 |    15 |     7 ||    34
  Use: Scroll            |       |     8 |     1 ||     9
       Potion            |       |     2 |       ||     2
Armor: Scale mail        |    52 |    37 |    13 ||   102
Dodge: Dodged            |    54 |    25 |    23 ||   102
Block: Buckler           |    20 |    20 |     4 ||    44
